 Dungeon Crawl Stone Soup version 0.26-a0-835-g8259106e14 (webtiles) character file.

Game seed: 10607097253716890966

11558 iamoutofideas the Grappler (level 11, -7/166 HPs)
             Began as a Troll Hunter on Nov 17, 2020.
             Was a High Priest of Okawaru.
             Mangled by a boulder beetle (11 damage)
             ... on level 12 of the Dungeon.
             The game lasted 00:14:22 (9546 turns).

iamoutofideas the Grappler (Troll Hunter)           Turns: 9546, Time: 00:14:22

Health: -7/166     AC: 25    Str: 24    XL:     11   Next: 50%
Magic:  0/10       EV:  1    Int:  7    God:    Okawaru [*****.]
Gold:   565        SH:  0    Dex: 11    Spells: 10/10 levels left

rFire    . . .     SeeInvis .     - Unarmed
rCold    . . .     Faith    .   (no shield)
rNeg     + + +     Spirit   +   (armour currently unavailable)
rPois    +         Reflect  .   (helmet currently unavailable)
rElec    .         Harm     .   (cloak currently unavailable)
rCorr    +         Rampage  .   (gloves unavailable)
MR       .....     NoTele   +   (boots unavailable)
Stlth    +++.......             o - amulet of guardian spirit
HPRegen  0.77/turn              j - ring of resist corrosion
MPRegen  0.12/turn              (no ring)

@: tree-form, heroism
A: large, unfitting armour, regeneration 1
a: Heroism, Finesse, Renounce Religion


You were on level 12 of the Dungeon.
You worshipped Okawaru.
Okawaru was extremely pleased with you.
You were a tree.
You visited 2 branches of the dungeon, and saw 14 of its levels.

You collected 617 gold pieces.
You spent 52 gold pieces at shops.

Inventory:

Missiles
 d - 4 throwing nets (quivered)
 g - 7 silver javelins
 i - 251 stones
 p - 13 datura-tipped darts
 w - 53 poisoned darts
 Q - 8 atropa-tipped darts
Armour
 b - a +0 robe
 t - a +1 troll leather armour (melded) {Purgy}
 u - a +0 cloak (melded)
 y - a +2 hat (melded)
 I - a scarf of shadows
 J - a +2 robe of fire resistance
 S - a scarf of resistance
Jewellery
 j - a ring of resist corrosion (left branch)
 o - an amulet of guardian spirit (around neck)
 M - an uncursed ring of positive energy
 P - an uncursed ring of magical power
 T - an uncursed ring of poison resistance
Wands
 n - a wand of paralysis (10)
 z - a wand of enslavement (11)
 G - a wand of iceblast (25)
 L - a wand of digging (2)
Scrolls
 c - a scroll of identify
 f - 5 scrolls of remove curse
 h - a scroll of fear
 k - 6 scrolls of immolation
 l - 3 scrolls of magic mapping
 r - a scroll of brand weapon {unknown}
 s - 4 scrolls of teleportation
 K - a scroll of holy word {unknown}
 O - a scroll of enchant armour
Potions
 a - 6 potions of lignification
 e - 2 potions of flight
 m - 7 potions of curing {unknown}
 q - 7 potions of brilliance
 x - 3 potions of magic
 A - a potion of haste {unknown}
 B - a potion of invisibility {unknown}
 C - a potion of attraction {unknown}
 D - 3 potions of berserk rage {unknown}
 E - a potion of resistance {unknown}
 F - a potion of mutation {unknown}
 H - 2 potions of ambrosia {unknown}
 N - a potion of degeneration {unknown}


   Skills:
 + Level 7.8(12.8) Fighting
 + Level 7.6(12.6) Throwing
 + Level 7.8(12.8) Dodging
 - Level 0.3(5.3) Stealth
 * Level 11.1(16.1) Unarmed Combat


You had 10 spell levels left.
You didn't know any spells.
Your spell library was empty.

Dungeon Overview and Level Annotations

Branches:
Dungeon (13/15)            Temple (1/1) D:5            Lair (0/6) D:10
    Orc (0/2) D:10
 Vaults: D:13-14

Altars:
Ashenzari
Cheibriados
Dithmenos
Elyvilon
Fedhas
Gozag
Hepliaklqana
Kikubaaqudgha
Makhleb
Nemelex Xobeh
Okawaru
Qazlal
Ru
Sif Muna
Trog
Uskayaw
Vehumet
Wu Jian
Xom
Yredelemnul
Zin
The Shining One

Shops:
D:4 *   D:9 :

Annotations:
D:8 3 runed translucent doors, Sun's ghost, novice HuHu; belegose's ghost, novice FeAr; jejorda2's ghost, novice PaBe
D:11 hydra


Innate Abilities, Weirdness & Mutations

You are too large for most types of armour.
((You have claws for hands.))
Your natural rate of healing is unusually fast.
((You are covered in fur. (AC +1)))
((You have extremely tough skin. (AC +3)))


Message History

The boulder beetle completely misses you.
You mangle the boulder beetle!!
The boulder beetle is almost dead.
You scratch the boulder beetle but do no damage.
The boulder beetle is almost dead.
The boulder beetle bites you!
* * * LOW HITPOINT WARNING * * *
You scratch the boulder beetle but do no damage.
The boulder beetle is almost dead.
The boulder beetle bites you!
* * * LOW HITPOINT WARNING * * *
It was a potion of lignification.
You turn into a tree.
Your +0 cloak melds into your body.
Your +2 hat melds into your body.
Your +1 troll leather armour {Purgy} melds into your body.
Your roots penetrate the ground.
The boulder beetle bites you!
* * * LOW HITPOINT WARNING * * *
As you read the scroll of fear, it crumbles to dust.
You assume a fearsome visage.
The boulder beetle easily resists.
The boulder beetle bites you!
You die...

##...##.#####.#.# #.# ##
#.....#.# #.#.# ####.###
##...##.#####.#.# #......#
##.###.....((#.#### #.##.#.# #.#
#######.(....# #.##.#.# #.#
#.#(...## #.##.#.# ##'##
#.#.....###.#..#.# ##...##
#)...(...##.#.##.# #.....##
#..B♣.....#.#.##.# .......##
##....>...##......# #
........####........#####....####
........+...<...............<...'
........####...##.#######....####
.......## ###.###.# ##.#.## #
#.....## #.......# #...## ##...##
#.####..# ##.## ##†## #.......#
#.#


You could see a boulder beetle.

Vanquished Creatures
  A hydra (D:11)
  Harold (D:8)
  A two-headed ogre (D:9)
  Pikel (D:7)
  An ugly thing (D:12)
  A komodo dragon (D:10)
  A hornet (D:8)
  5 trolls
  A wyvern (D:9)
  A vampire (D:11)
  9 yaks
  A steam dragon (D:10)
  4 vampire mosquitoes (D:12)
  Purgy (D:3)
  Duvessa (D:6)
  An orc warrior (D:10)
  3 black bears
  A sky beast (D:12)
  4 ice beasts
  7 ogres
  A lemure (D:7)
  3 centaurs
  3 big kobolds
  2 bullfrogs
  Dowan (D:6)
  6 scorpions
  10 killer bees
  11 wights
  A howler monkey (D:10)
  4 hounds
  6 orc priests
  A bullfrog skeleton (D:11)
  3 jellies
  9 worker ants
  Ijyb (D:5)
  Terence (D:2)
  4 iguanas
  10 orc wizards
  A hound zombie (D:10)
  4 gnolls
  11 adders
  3 shadow imps
  3 white imps
  An ooze (D:6)
  2 ufetubi
  An adder zombie (D:6)
  3 adder skeletons
  7 worms
  A dart slug (D:1)
  2 leopard geckos
  71 orcs
  3 ball pythons
  5 bats
  11 giant cockroaches
  7 goblins
  9 hobgoblins
  8 jackals
  18 kobolds
  2 quokkas
  5 frilled lizards
  A quokka zombie (D:8)
  4 rats
306 creatures vanquished.

Notes
Turn   | Place    | Note
-------+----------+-------------------------------------------
     0 | D:1      | iamoutofideas the Troll Hunter began the quest for the Orb.
     0 | D:1      | Reached XP level 1. HP: 19/19 MP: 0/0
    82 | D:1      | Reached skill level 1 in Unarmed Combat
   112 | D:1      | Reached XP level 2. HP: 12/27 MP: 1/1
   202 | D:1      | Reached skill level 2 in Unarmed Combat
   404 | D:1      | Reached XP level 3. HP: 33/33 MP: 2/2
   664 | D:2      | Reached skill level 3 in Unarmed Combat
   750 | D:2      | Reached XP level 4. HP: 41/41 MP: 3/3
   890 | D:2      | Found a snail-covered altar of Cheibriados.
   890 | D:2      | Found a hide-covered altar of Uskayaw.
   891 | D:2      | Found an ancient bone altar of Kikubaaqudgha.
   943 | D:2      | Found a white marble altar of Elyvilon.
   946 | D:2      | Found a shimmering blue altar of Sif Muna.
   946 | D:2      | Found a broken altar of Ashenzari.
  1064 | D:2      | Reached skill level 4 in Unarmed Combat
  1769 | D:3      | Noticed Purgy
  1784 | D:3      | Killed Purgy
  1785 | D:3      | Reached skill level 5 in Unarmed Combat
  1785 | D:3      | Reached XP level 5. HP: 37/48 MP: 4/4
  1841 | D:3      | Noticed Terence
  1848 | D:3      | Reached XP level 6. HP: 52/55 MP: 3/5
  1895 | D:2      | Reached skill level 6 in Unarmed Combat
  1915 | D:2      | Killed Terence
  2417 | D:4      | Found Wetucret's Assorted Antiques.
  2425 | D:4      | Bought a scroll labelled QAXI LIXTIAVVA for 26 gold pieces
  2425 | D:4      | Bought a scroll labelled GECSUELOBB for 26 gold pieces
  2615 | D:4      | Reached skill level 7 in Unarmed Combat
  2788 | D:4      | Reached XP level 7. HP: 54/62 MP: 3/6
  3069 | D:5      | Entered Level 5 of the Dungeon
  3229 | D:5      | Found a staircase to the Ecumenical Temple.
  3244 | Temple   | Entered the Ecumenical Temple
  3428 | Temple   | Became a worshipper of Warmaster Okawaru
  3536 | D:5      | Noticed Ijyb
  3559 | D:5      | Killed Ijyb
  3560 | D:5      | Reached skill level 8 in Unarmed Combat
  3984 | D:5      | Found a hazy altar of Hepliaklqana.
  3984 | D:5      | Found a radiant altar of Vehumet.
  4042 | D:6      | Reached * piety under Okawaru
  4081 | D:5      | Reached skill level 9 in Unarmed Combat
  4087 | D:5      | Reached XP level 8. HP: 61/70 MP: 5/7
  4352 | D:6      | Noticed Duvessa
  4352 | D:6      | Noticed Dowan
  4359 | D:6      | Killed Duvessa
  4360 | D:6      | Reached skill level 10 in Unarmed Combat
  4367 | D:6      | Killed Dowan
  4580 | D:7      | Reached ** piety under Okawaru
  5133 | D:7      | Reached skill level 11 in Unarmed Combat
  5170 | D:7      | Noticed Pikel
  5193 | D:7      | Killed Pikel
  5194 | D:7      | Reached XP level 9. HP: 75/81 MP: 6/8
  5388 | D:8      | Reached *** piety under Okawaru
  5568 | D:8      | Noticed Harold
  5591 | D:8      | Killed Harold
  5591 | D:8      | Reached **** piety under Okawaru
  5592 | D:8      | Reached skill level 5 in Fighting
  5592 | D:8      | Reached skill level 5 in Dodging
  5721 | D:8      | Found a runed translucent gate.
  5732 | D:8      | Found a runed translucent gate.
  5733 | D:8      | Found a runed translucent gate.
  5744 | D:8      | Noticed Sun's ghost (novice HuHu)
  5744 | D:8      | Noticed belegose's ghost (novice FeAr)
  5744 | D:8      | Noticed jejorda2's ghost (novice PaBe)
  6245 | D:9      | Noticed a two-headed ogre
  6331 | D:9      | Killed a two-headed ogre
  6331 | D:9      | Received a gift from Okawaru
  6332 | D:9      | Reached XP level 10. HP: 63/98 MP: 4/9
  6634 | D:9      | Found Pyxkirgha's Book Shop.
  6711 | D:9      | Received a gift from Okawaru
  7015 | D:10     | Entered Level 10 of the Dungeon
  7015 | D:10     | Found a staircase to the Lair.
  7180 | D:10     | Received a gift from Okawaru
  7532 | D:10     | Identified the cursed +0 robe of the Turtledove {rF+}
  7568 | D:10     | Found a staircase to the Orcish Mines.
  7881 | D:11     | Noticed a six-headed hydra
  7894 | D:11     | HP: 4/104 [seven-headed hydra (8)]
  7894 | D:11     | HP: 1/104 [seven-headed hydra (2)]
  8049 | D:11     | Noticed a five-headed hydra
  8063 | D:11     | Killed a five-headed hydra
  8063 | D:11     | Received a gift from Okawaru
  8064 | D:11     | Reached XP level 11. HP: 41/110 MP: 4/10
  8233 | D:11     | Reached skill level 5 in Throwing
  8276 | D:11     | Reached ***** piety under Okawaru
  8295 | D:11     | Noticed a five-headed hydra
  8487 | D:11     | Noticed a two-headed ogre
  8917 | D:12     | Received a gift from Okawaru
  9336 | D:12     | Noticed a green ugly thing
  9341 | D:12     | Killed a green ugly thing
  9517 | D:13     | Noticed a boulder beetle
  9517 | D:13     | Noticed a red ugly thing
  9545 | D:12     | HP: 4/166 [boulder beetle (14)]
  9546 | D:12     | Mangled by a boulder beetle

Illustrated notes

Levels and vault maps discovered:
D:1:      eino_arrival_water_star, layout_basic, chequers_serial_rivers_marsh
D:2:      wad_river_or_something, layout_basic, grunt_temple_overflow_open
D:3:      layout_loops_ring, uniq_terence, uniq_purgy
D:4:      layout_basic, serial_shops,
          nicolae_shop_temple_entry_statues_fountains, grunt_ministairs_4
D:5:      layout_gridville, gammafunk_temple_overflow_elements,
          minmay_temple_entry_nine_rooms, supply_closet_lemuel, uniq_ijyb
D:6:      layout_rooms, uniq_duvessa
D:7:      layout_loops_corners, uniq_pikel
D:8:      layout_basic, gammafunk_ghost_cemetery, uniq_harold
D:9:      layout_basic, serial_shops, shop
D:10:     minmay_inner_zag, layout_rooms, lair_entry_dummy, david_orc_2
D:11:     layout_layer_cave, serial_shops, shop, minivault_25_ag
D:12:     layout_loops_corners
D:13:     layout_roguey, hangedman_vaults_entry_quadrant_bands, serial_shops,
          nicolae_shop_window_shopping, minivault_23, grunt_decor_resistance,
          minivault_14
Temple:   eino_narrow_crystal_temple

Skill      XL: |  1  2  3  4  5  6  7  8  9 10 11 |
---------------+----------------------------------+-----
Unarmed Combat | 1 2 3 5 7 9 11 | 11.1
Fighting       | 3 6 7 |  7.8
Dodging        | 3 5 7 |  7.8
Throwing       | 4 7 |  7.6
Stealth        | |  0.3

Action                   |  1- 3 |  4- 6 |  7- 9 | 10-12 || total
-------------------------+-------+-------+-------+-------++-------
Melee: Unarmed           |    76 |   207 |   259 |   349 ||   891
       Punch             |     1 |     3 |    11 |    21 ||    36
Throw: Large rock        |       |       |       |     6 ||     6
       Throwing net      |       |       |       |     1 ||     1
Invok: Heroism           |       |       |     1 |     4 ||     5
Evoke: Wand              |       |       |     2 |     6 ||     8
  Use: Scroll            |       |     6 |     2 |    12 ||    20
       Potion            |       |       |       |     3 ||     3
 Stab: Sleeping          |       |       |     3 |     1 ||     4
Armor: Robe              |    38 |    27 |       |       ||    65
       Troll leather arm |       |    70 |   122 |   134 ||   326
Dodge: Dodged            |    37 |   119 |   119 |   266 ||   541

Table legend: (Time is in decaauts)
 A = Elapsed time spent in this place.
 B = Non-inter-level travel time spent in this place.
 C = Inter-level travel time spent in this place.
 D = Time resting spent in this place.
 E = Time spent auto-exploring this place.
 F = Levels seen in this place.
 G = Mean time per level.
                   A        B        C        D        E       F      G
               +--------+--------+--------+--------+--------+-----+--------+
         Total |   9416 |   9010 |    406 |    345 |   6772 |  14 |  672.6 |
       Dungeon |   9216 |   8825 |    391 |    345 |   6591 |  13 |  708.9 |
        Temple |    199 |    184 |     15 |      0 |    181 |   1 |  199.0 |
               +--------+--------+--------+--------+--------+-----+--------+

Top non-repeatable levels by time:
     D:2: 1284 daAuts
    D:12: 982 daAuts
     D:8: 963 daAuts
    D:10: 920 daAuts
     D:7: 803 daAuts
     D:5: 796 daAuts
     D:9: 686 daAuts
     D:3: 684 daAuts
     D:4: 657 daAuts
    D:11: 525 daAuts
     D:6: 440 daAuts
     D:1: 425 daAuts
  Temple: 199 daAuts
    D:13: 47 daAuts
